 Dungeon Crawl Stone Soup version 0.24-a0-278-gefa197325e (webtiles) character file.

Game seed: 12050780915422521470

325 Dhoulmagus the Conjurer (level 6, 0/41 HPs)
             Began as a Mummy Wizard on Apr 30, 2019.
             Slain by a goblin
             ... wielding a +0 dagger
              (1 damage)
             ... on level 3 of the Dungeon.
             The game lasted 00:08:47 (2996 turns).

Dhoulmagus the Conjurer (Mummy Wizard)              Turns: 2996, Time: 00:08:48

Health: 0/41       AC:  3    Str: 11    XL:     6   Next: 24%
Magic:  2/12       EV: 12    Int: 19    God:
Gold:   50         SH:  0    Dex: 10    Spells: 4/13 levels left

rFire    x . .     SeeInvis .   c - +0 mace
rCold    + . .     Gourm    .   (no shield)
rNeg     + + +     Faith    .   a - +0 robe
rPois    ∞         Spirit   .   b - +0 hat
rElec    .         Reflect  .   i - +0 cloak
rCorr    .         Harm     .   (no gloves)
MR       .....                  (no boots)
Stlth    ++........             (no amulet)
HPRegen  0.13/turn              (no ring)
MPRegen  0.13/turn              (no ring)

@: very slightly contaminated
A: no food or potions, fire vulnerability, cold resistance 1, negative energy
resistance 3, torment resistance, unbreathing
a: no special abilities


You were on level 3 of the Dungeon.
You were not hungry.

You visited 1 branch of the dungeon, and saw 3 of its levels.

You collected 50 gold pieces.

Inventory:

Hand Weapons
 c - a +0 mace (weapon)
 h - a +4 quarterstaff of chaos
Armour
 a - a +0 robe (worn)
 b - a +0 hat (worn)
 i - a +0 cloak (worn)
Jewellery
 j - an uncursed ring of ice {unknown}
Scrolls
 d - a scroll of remove curse
 e - a scroll of blinking {unknown}
 f - a scroll of teleportation
 g - a scroll of identify {unknown}


   Skills:
 + Level 1.2 Maces & Flails
 - Level 1.5 Dodging
 - Level 1.5 Stealth
 - Level 4.0 Spellcasting
 - Level 5.0 Conjurations
   Level 0.7 Summonings
 - Level 0.7 Translocations


You had 4 spell levels left.
You knew the following spells:

 Your Spells              Type           Power        Failure   Level  Hunger
a - Magic Dart            Conj           ###.         1%          1    N/A
b - Blink                 Tloc           N/A          16%         2    N/A
c - Mephitic Cloud        Conj/Pois/Air  ##......     21%         3    N/A
d - Conjure Flame         Conj/Fire      ##......     14%         3    N/A

Your spell library contained the following spells:

 Spells                   Type           Power        Failure   Level  Hunger
 Call Imp                 Summ           #.......     16%         2    N/A
 Slow                     Hex            #.......     21%         2    N/A

Dungeon Overview and Level Annotations

Branches:
Dungeon (3/15)

Altars:
Ashenzari
The Shining One


Innate Abilities, Weirdness & Mutations

You do not eat or drink.
Your flesh is vulnerable to fire.
You are immune to poison.
Your flesh is cold resistant. (rC+)
You are immune to negative energy. (rN+++)
You are immune to unholy pain and torment.
You can survive without breathing.


Message History

Found a shattered altar of Ashenzari.
Okay, then.
As you read the scroll labeled KEIL ETAHE, it crumbles to dust.
You feel strangely unstable.
It was a scroll of teleportation.
The goblin shouts!
The orc closely misses you.
A rat comes into view.
Your surroundings suddenly seem different.
A hobgoblin comes into view.
The hobgoblin shouts!
A goblin comes into view. It is wielding a +0 dagger.
The goblin shouts!
The hobgoblin hits you.
* * * LOW HITPOINT WARNING * * *
Found a ration.
The hobgoblin hits you.
* * * LOW HITPOINT WARNING * * *
The hobgoblin barely misses you. The goblin hits you with a +0 dagger.
You die...

..#.####.#####_####
#.#...##.###.r...##
.. #.#...# .. ..
#.#...# '#
..##.#...# .#
..##.#...# .#
..##...### .# ##
..###..#
########'#...#
......(#
#....g.@.....#
..)...>#
#.....g...#..#
.......#
#..%......#
#<..####
#......#### ###.#
#......# ..#
#......# ####
.'......# ##......#
#......#


You could see a hobgoblin and a goblin.

Vanquished Creatures
  Sigmund (D:2)
  Crazy Yiuf (D:2)
  Natasha (twice) (D:2)
  2 adders (D:2)
  2 oozes (D:1)
  3 dart slugs
  4 leopard geckos
  2 orcs (D:3)
  4 bats
  4 giant cockroaches
  5 goblins
  5 hobgoblins
  4 jackals (D:3)
  3 kobolds
  4 quokkas
  3 ball pythons
  2 frilled lizards
  4 rats
55 creatures vanquished.

Vanquished Creatures (others)
  A fungus (D:2)
1 creature vanquished.

Grand Total: 56 creatures vanquished

Notes
Turn   | Place    | Note
-------+----------+-------------------------------------------
     0 | D:1      | Dhoulmagus the Mummy Wizard began the quest for the Orb.
     0 | D:1      | Reached XP level 1. HP: 13/13 MP: 5/5
    44 | D:1      | Reached skill level 1 in Conjurations
   539 | D:1      | Reached XP level 2. HP: 19/19 MP: 4/7
   722 | D:1      | Reached skill level 2 in Conjurations
  1226 | D:2      | Found a glowing golden altar of the Shining One.
  1238 | D:2      | Reached XP level 3. HP: 19/24 MP: 4/8
  1242 | D:2      | Learned a level 2 spell: Blink
  1246 | D:2      | Learned a level 3 spell: Mephitic Cloud
  1250 | D:2      | Learned a level 3 spell: Conjure Flame
  1374 | D:2      | Noticed Sigmund
  1402 | D:2      | Killed Sigmund
  1402 | D:2      | Reached skill level 4 in Conjurations
  1402 | D:2      | Reached XP level 4. HP: 30/30 MP: 1/10
  1402 | D:2      | Reached XP level 5. HP: 35/35 MP: 1/11
  1748 | D:2      | Found a runed translucent door.
  1749 | D:2      | Noticed Crazy Yiuf
  1787 | D:2      | Killed Crazy Yiuf
  2077 | D:2      | Noticed Natasha
  2235 | D:2      | Killed Natasha
  2235 | D:2      | Reached skill level 5 in Conjurations
  2235 | D:2      | Reached XP level 6. HP: 36/41 MP: 4/12
  2365 | D:2      | Noticed Natasha
  2372 | D:2      | Killed Natasha
  2517 | D:3      | Reached skill level 1 in Maces & Flails
  2965 | D:3      | HP: 2/41 [orc priest/divine providence (11)]
  2986 | D:3      | Found a shattered altar of Ashenzari.
  2992 | D:3      | HP: 1/41 [hobgoblin (3)]
  2996 | D:3      | Slain by a goblin

Levels and vault maps discovered:
D:1:      dpeg_arrival_chase, layout_basic
D:2:      layout_basic, nicolae_tso_carved_into_rock, first_ration,
          uniq_natasha, uniq_crazy_yiuf_cottage, uniq_sigmund
D:3:      layout_basic, cheibrodos_ashenzari_chains, old_standard_altar,
          bh_walls_and_bars, uniq_terence

Skill      XL: |  1  2  3  4  5  6 |
---------------+-------------------+-----
Conjurations   | 1 2 4 5 |  5.0
Maces & Flails | 1 |  1.2
Dodging        | |  1.5
Stealth        | |  1.5
Spellcasting   | |  4.0
Summonings     | |  0.7
Translocations | |  0.7

Action                   |  1- 3 |  4- 6 || total
-------------------------+-------+-------++-------
Melee: Spear             |    19 |     6 ||    25
       Mace              |       |    86 ||    86
 Cast: Magic Dart        |    52 |    56 ||   108
       Mephitic Cloud    |     1 |     4 ||     5
  Use: Scroll            |       |     4 ||     4
 Stab: Sleeping          |     1 |       ||     1
       Confused          |     1 |       ||     1
Armor: Robe              |     2 |    24 ||    26
Dodge: Dodged            |     3 |   116 ||   119

Table legend:
 A = Non-vault XP
 B = Vault XP
 C = Vault XP percentage of total XP
 D = Non-vault monster count
 E = Vault monster count
 F = Vault count percentage of total count
                 A         B        C        D         E       F
            +---------+---------+-------+---------+---------+-------
      Total |     169 |     296 |  63.7 |      52 |       3 |   5.5
            +---------+---------+-------+---------+---------+-------
        D:1 |      35 |       0 |   0.0 |      13 |       0 |   0.0
        D:2 |      92 |     296 |  76.3 |      19 |       3 |  13.6
        D:3 |      42 |       0 |   0.0 |      20 |       0 |   0.0
            +---------+---------+-------+---------+---------+-------
